AoeStats
← [GDL] BlairLucky

Nomad

509937768Analyzed
2v2 RM · 2d ago on Sep 28, 2026· 40m 6s· 4 players
Game mode
Random Map
Map size
176×176
Population
200
Speed
Normal
Resources
Standard
Victory
Conquest
Starting age
Dark Age
Ending age
Imperial Age
RankedLock teamsTeams togetherTeam positionsShared explorationLock speedFull tech treeHidden civsTurbo modeCheats
Victory
Defeat
🇨🇿 Vikings · Czechia
1120
+15
🇨🇿 Persians · Czechia
1119
+16
🇺🇸 Dravidians · United States
1119
-16
🇵🇪 Spanish · Peru
1101
-15
EARLYRUSH
3:12 Loom
14:56 Feudal Age
19:02 Castle Age
17:26 Fishing Lines
20:31 Wheelbarrow
21:08 Medium Warships
21:56 Double-Bit Axe
22:47 Loom
23:42 Man-at-Arms
26:57 Hand Cart
27:30 Bow Saw
28:19 Long Swordsman
29:00 Squires
36:07 Pikeman
38:00 Horse Collar
38:20 Gold Mining
[GDL] BlairLucky
2:53 Loom
12:07 Feudal Age
13:33 Double-Bit Axe
18:07 Horse Collar
20:02 Fletching
23:56 Castle Age
24:36 Padded Archer Armor
25:32 Town Watch
26:23 Leather Archer Armor
27:53 Medium Warships
27:51 Fishing Lines
31:48 Ballistics
36:55 Bodkin Arrow
9YearsOld
4:10 Loom
4:21 Loom
5:21 Loom
14:34 Feudal Age
14:28 Man-at-Arms
15:29 Double-Bit Axe
15:52 Arson
16:52 Horse Collar
22:09 Castle Age
20:20 Forging
21:00 Bloodlines
20:57 Scale Barding Armor
20:41 Town Watch
23:43 Husbandry
24:06 Chain Barding Armor
29:49 Fletching
36:00 Imperial Age
35:10 Bow Saw
35:33 Horse Collar
37:31 Wheelbarrow
38:10 Cavalier
39:28 Plate Barding Armor
38:19 Light Cavalry
Skarbor
11:24 Loom
14:38 Feudal Age
15:22 Double-Bit Axe
15:05 Man-at-Arms
16:55 Scale Mail Armor
17:05 Forging
18:44 Arson
20:46 Horse Collar
29:42 Castle Age
32:41 Bow Saw
32:00 Long Swordsman
32:59 Chain Mail Armor
33:19 Iron Casting
33:53 Pikeman
35:30 Squires
37:47 Heavy Plow
Connection lost

Rejoining the realm…

Still unreachable

The connection could not be restored.

Session expired

The server has moved on; the page needs a fresh start.